 Dungeon Crawl Stone Soup version 0.29.0-15-g675c0067aa (webtiles) character file.

Game seed: 1913441784474261141

107807 qw the Severer (level 16, -1/155 HPs)
             Began as a Minotaur Berserker on Sept 12, 2022.
             Was an Elder of Trog.
             Slain by a wolf spider (3 damage)
             ... led by a torpor snail
             ... on level 1 of the Spider Nest.
             The game lasted 00:10:24 (29804 turns).

qw the Severer (Minotaur Berserker)                Turns: 29804, Time: 00:10:25

Health: -1/155     AC: 33    Str: 28    XL:     16   Next: 1%
Magic:  15/15      EV: 10    Int:  4    God:    Trog [****..]
Gold:   1547       SH: 20    Dex: 10    Spells: 15/15 levels left

rFire   + + +      SeeInvis +   v - +8 mithril axe "Arga" {speed, Will+}
rCold   + . .      Faith    .   c - +2 kite shield
rNeg    . . .      Spirit   .   z - +5 plate armour {rF+}
rPois   +          Reflect  +   (helmet restricted)
rElec   +          Harm     .   k - +2 cloak
rCorr   +          Rampage  .   f - +2 pair of gloves
Will    ++...                   g - +2 pair of boots
Stlth   ..........              j - amulet of reflection
HPRegen 0.35/turn               l - ring of see invisible
MPRegen 0.14/turn               b - ring of poison resistance

@: about to teleport, resistant, on berserk cooldown, slowed, very slow
A: horns 2, retaliatory headbutt, clumsy 1, fire resistance 1
a: Renounce Religion, Berserk, Trog's Hand, Brothers in Arms


You were on level 1 of the Spider Nest.
You worshipped Trog.
Trog was greatly pleased with you.
You visited 4 branches of the dungeon, and saw 23 of its levels.

You collected 2095 gold pieces.
You spent 548 gold pieces at shops.


Innate Abilities, Weirdness & Mutations

You have a pair of horns on your head.
You reflexively headbutt those who attack you in melee.
You are clumsy. (Dex -2)
Your flesh is heat resistant. (rF+)


   Skills:
 - Level 17.0 Fighting
 - Level 18.0 Axes
 - Level 4.0 Throwing
 + Level 15.9 Armour
 - Level 10.0 Dodging
 - Level 15.6 Shields


You had 15 spell levels left.
You didn't know any spells.
Your spell library was empty.

Inventory:

Hand Weapons
 v - the +8 mithril axe "Arga" (weapon) {speed, Will+}
   (You acquired it on level 12 of the Dungeon)

   Attacks with this weapon are significantly faster.
   Will:      It increases your willpower.
 Y - a +4 war axe of flaming
Missiles
 n - 2 boomerangs (quivered)
Armour
 c - a +2 kite shield (worn)
 f - a +2 pair of gloves (worn)
 g - a +2 pair of boots (worn)
 k - a +2 cloak (worn)
 z - a +5 plate armour of fire resistance (worn)
Jewellery
 b - a ring of poison resistance (right hand)
 j - an amulet of reflection (around neck)
 l - a ring of see invisible (left hand)
 p - a ring of protection from cold
 q - a ring of protection from fire
 s - a +6 ring of strength
 w - a ring of resist corrosion
Scrolls
 a - 5 scrolls of teleportation
 d - 2 scrolls of identify
 x - a scroll of enchant weapon
Potions
 e - 2 potions of heal wounds
 h - a potion of mutation
 i - a potion of resistance
 m - 2 potions of haste
 r - 7 potions of curing
 t - 4 potions of might

Dungeon Overview and Level Annotations

Branches:
Dungeon (15/15)            Temple (0/1) D:4            Lair (5/5) D:10
  Swamp (0/4) Lair:2       Spider (1/4) Lair:2        Slime (0/5) Lair:4
    Orc (2/2) D:10            Elf (0/3) Orc:2        Vaults (0/5) D:14
 Depths (0/4) D:15

Altars:
Ashenzari
Fedhas
Kikubaaqudgha
Xom
Jiyva

Shops:
D:6 [   D:10 (   Orc:1 (   Orc:2 *:?(

Portals:
Pandemonium: Orc:2
Trove: D:13 (give 12 scrolls of teleportation)

Annotations:
D:14 1 runed translucent door
Lair:4 3 runed translucent doors, qw's ghost, journeyman MiFi


Message History

The tarantella touches you but does no damage.
The wolf spider simulacrum closely misses you.
The wolf spider simulacrum bites you but does no damage.
A redback comes into view.
The jumping spider pounces on you but does no damage.
The jumping spider bites you but does no damage.
The jumping spider leaps!
The spark wasp stings you!! The spark wasp shocks you. You resist.
The wolf spider hits you!
The wolf spider bites you but does no damage.
A redback comes into view.
29803 ||| DRINKING 8 potions of curing.
You feel better.
29803 ||| (to cure confusion)
You block the jumping spider's attack. x2
The tarantella touches you but does no damage.
The jumping spider leaps!
The wolf spider simulacrum hits you. The wolf spider simulacrum freezes you!
You resist.
The wolf spider simulacrum bites you but does no damage.
The jumping spider leaps!
The wolf spider hits you but does no damage.
The wolf spider bites you but does no damage.
The spark wasp stings you but does no damage.
A culicivora comes into view.
You block the tarantella's attack.
The jumping spider leaps! x2
The wolf spider hits you but does no damage.
The wolf spider bites you.
The spark wasp stings you but does no damage.
A redback comes into view.
The tarantella touches you but does no damage.
29804 ||| READING 6 scrolls of teleportation.
As you read the scroll of teleportation, it crumbles to dust.
You feel strangely unstable.
You block the jumping spider's attack. x2; The jumping spider leaps!
The wolf spider misses you. You furiously retaliate!
You headbutt the wolf spider! The wolf spider bites you.
The spark wasp barely misses you.
The jumping spider leaps!
The jumping spider pounces on you but does no damage.
You block the jumping spider's attack.
A jumping spider comes into view.
The wolf spider hits you.
You die...

# $# ^#.. #.
.... .#. . ...
..#. ... ?. ...#
... ..##.#
.....#. .#..##.
#.#.0#$.#.......
....0..#ws#.....
#..s..0#ys....#
#@ss#^#...
0.s..Zss#.....#
..0..ssZs##....
.s#...#... ####
........s#
.#....#...s
...#. #.##.s
..... .?. ..#


You could see a spark wasp, a torpor snail, a wolf spider, 4 culicivoras, 5
jumping spiders, a tarantella (soul bound), 4 redbacks, a wolf spider simulacrum
and a jumping spider simulacrum.

Vanquished Creatures
  Gastronok (Lair:3)
  Kirke (D:12)
  2 orc warlords
  Nessos (Lair:3)
  Snorg (D:13)
  An ettin (Orc:2)
  2 fire dragons (D:14)
  5 vault guards
  6 hydras
  A catoblepas (Lair:3)
  2 boulder beetles
  A radroach (Spider:1)
  A demonspawn (Orc:2)
  Erica (D:11)
  An ogre mage (D:15)
  13 death yaks
  5 two-headed ogres
  4 centaur warriors
  A deep troll earth mage (D:14)
  5 orc high priests
  A pharaoh ant (Spider:1)
  A fire crab (D:15)
  A sixfirhy (Orc:2)
  2 wizards (D:15)
  2 deep elf pyromancers (D:15)
  5 orc knights
  A necromancer (D:15)
  3 manticores
  5 orc sorcerers
  3 wolf spiders
  8 ugly things
  20 elephants
  6 cyclopes
  8 black mambas
  Maurice (D:12)
  A rust devil (Orc:2)
  A smoke demon (Orc:2)
  18 cane toads
  An unseen horror (D:11)
  2 komodo dragons
  A rime drake (Lair:4)
  A demonic crawler (Spider:1)
  4 yaktaurs (D:15)
  A hellwing (Orc:2)
  An efreet (D:15)
  2 tengu conjurers (D:15)
  3 meliai
  A red devil (Orc:2)
  11 trolls
  A queen bee (shapeshifter) (D:15)
  A polar bear (Lair:5)
  A tarantella (Spider:1)
  A hornet (D:9)
  3 tyrant leeches (Lair:5)
  15 blink frogs
  3 slime creatures (D:12)
  A meliai zombie (D:15)
  7 dream sheep (Lair:4)
  3 centaur simulacra (D:15)
  A jumping spider (Spider:1)
  2 wraiths (D:13)
  A wyvern (Lair:5)
  6 culicivoras
  49 yaks
  A shadow (D:10)
  4 fire bats (Orc:2)
  2 hogs (D:12)
  7 humans (D:14)
  A basilisk (D:14)
  9 vampire mosquitoes
  A chaos spawn (Orc:2)
  3 wargs
  14 water moccasins
  An acid dragon (D:12)
  29 orc warriors
  A meliai simulacrum (D:15)
  9 ogres
  3 black bears
  5 wolves (Lair:1)
  5 boggarts (D:15)
  7 centaurs
  7 phantoms
  4 kobold brigands
  Blork the orc (D:5)
  A gnoll sergeant (D:9)
  2 necrophages
  4 scorpions
  22 bullfrogs
  4 wights (D:9)
  17 killer bees
  A troll zombie (D:10)
  2 howler monkeys (D:9)
  2 electric eels (Lair:5)
  4 hounds
  4 jellies
  20 orc priests
  2 gnoll boudas
  5 iguanas
  Ijyb (D:3)
  12 orc wizards
  5 ogre zombies (D:10)
  Robin (D:2)
  13 gnolls
  9 adders
  2 shadow imps
  A white imp (D:5)
  2 ufetubi
  3 dart slugs
  55 orcs
  8 endoplasms
  2 giant cockroaches
  10 hobgoblins
  5 jackals
  22 kobolds
  4 quokkas
  3 ball pythons
  6 bats
  A frilled lizard (D:2)
  11 goblins
  3 goblin skeletons (D:10)
  2 hobgoblin skeletons (D:10)
  2 hobgoblin zombies (D:10)
  An orc skeleton (D:10)
  11 orc zombies (D:10)
  6 rats
670 creatures vanquished.

Vanquished Creatures (collateral kills)
  3 hydras
  A tengu warrior (D:13)
  3 orc high priests (Orc:2)
  An orc knight (Orc:2)
  2 elephants (Lair:1)
  A shadow (D:13)
  A basilisk (Lair:3)
  2 orc warriors (Orc:2)
  An orc (Orc:2)
  A plant (Lair:2)
16 creatures vanquished.

Vanquished Creatures (others)
  2 humans
  77 fungi
  154 plants
  22 toadstools (Lair:2)
255 creatures vanquished.

Grand Total: 941 creatures vanquished

Notes
Turn   | Place    | Note
-------+----------+-------------------------------------------
     0 | D:1      | qw the Minotaur Berserker began the quest for the Orb.
     0 | D:1      | Reached XP level 1. HP: 19/19 MP: 0/0
     0 | D:1      | 0 ||| qw: Version: 0.1-a-119-g272c26d
     0 | D:1      | 0 ||| qw: Game counter: 10807
     0 | D:1      | 0 ||| qw: Always use a shield: true
     0 | D:1      | 0 ||| qw: Do Orc after D:15 true
     0 | D:1      | 0 ||| qw: Do second Lair branch before Depths: true
     0 | D:1      | 0 ||| qw: Lair rune preference: random
     0 | D:1      | 0 ||| qw: Plans: Normal
     0 | D:1      | 0 ||| PLANNING D:1-11
    78 | D:1      | Found a faded altar of an unknown god.
   217 | D:1      | Reached skill level 4 in Axes
   449 | D:1      | Reached XP level 2. HP: 26/26 MP: 1/1
  1105 | D:1      | 1105 ||| UPGRADING to amulet of reflection.
  1110 | D:1      | 1110 ||| DROPPING ring of magical power.
  1111 | D:1      | 1111 ||| READING scroll labelled HYOG LEZECSIWN.
  1112 | D:1      | 1112 ||| READING 5 scrolls labelled YHELAS ISOFOGO.
  1113 | D:1      | 1113 ||| READING scroll labelled XUSHRO BU OHU.
  1114 | D:1      | 1114 ||| READING scroll labelled CUZUCL MEUCHO.
  1115 | D:1      | 1115 ||| DRINKING 2 sedimented red potions.
  1140 | D:1      | 1140 ||| DROPPING potion of lignification.
  1246 | D:2      | 1246 ||| Stepping ~*~*~tactically~*~*~ (stealth).
  1263 | D:2      | 1263 ||| FLEEEEING.
  1264 | D:2      | 1264 ||| FLEEEEING.
  1265 | D:2      | 1265 ||| FLEEEEING.
  1268 | D:2      | 1268 ||| FLEEEEING.
  1269 | D:2      | 1269 ||| FLEEEEING.
  1272 | D:2      | 1272 ||| FLEEEEING.
  1273 | D:2      | 1273 ||| FLEEEEING.
  1370 | D:2      | Reached ** piety under Trog
  1437 | D:2      | Reached skill level 5 in Axes
  1458 | D:2      | 1458 ||| Stepping ~*~*~tactically~*~*~ (hiding).
  1459 | D:2      | 1459 ||| Stepping ~*~*~tactically~*~*~ (hiding).
  1467 | D:2      | Reached XP level 3. HP: 28/31 MP: 2/2
  1541 | D:2      | 1541 ||| Stepping ~*~*~tactically~*~*~ (stealth).
  1671 | D:2      | Noticed Robin
  1676 | D:2      | 1676 ||| INVOKING Berserk.
  1677 | D:2      | Killed Robin
  1693 | D:2      | Reached XP level 4. HP: 30/39 MP: 3/3
  1821 | D:2      | 1821 ||| DROPPING +0 whip.
  2158 | D:2      | 2158 ||| UPGRADING to +0 leather armour.
  2168 | D:2      | 2168 ||| DROPPING +0 animal skin.
  2169 | D:2      | 2169 ||| UPGRADING to +2 kite shield.
  2174 | D:2      | 2174 ||| UPGRADING to +0 ring mail.
  2184 | D:2      | 2184 ||| DROPPING +0 leather armour.
  2185 | D:2      | 2185 ||| UPGRADING to +0 scale mail.
  2195 | D:2      | 2195 ||| DROPPING +0 ring mail.
  2196 | D:2      | 2196 ||| READING scroll labelled HAME SILEKEPTU.
  2197 | D:2      | 2197 ||| READING 4 scrolls of identify.
  2197 | D:2      | 2197 ||| IDENTIFYING sapphire potion
  2198 | D:2      | 2198 ||| READING 3 scrolls of identify.
  2198 | D:2      | 2198 ||| IDENTIFYING orange potion
  2199 | D:2      | 2199 ||| DROPPING potion of invisibility.
  2200 | D:2      | 2200 ||| DROPPING potion of ambrosia.
  2250 | D:3      | 2250 ||| INVOKING Berserk.
  2252 | D:3      | Reached skill level 1 in Shields
  2417 | D:3      | 2417 ||| Stepping ~*~*~tactically~*~*~ (stealth).
  2514 | D:3      | 2514 ||| Stepping ~*~*~tactically~*~*~ (stealth).
  2515 | D:3      | 2515 ||| Stepping ~*~*~tactically~*~*~ (stealth).
  2517 | D:3      | 2517 ||| Stepping ~*~*~tactically~*~*~ (stealth).
  2523 | D:3      | 2523 ||| Stepping ~*~*~tactically~*~*~ (stealth).
  2590 | D:3      | 2590 ||| SWAPPING to +0 war axe.
  2591 | D:3      | 2591 ||| DROPPING +2 whip of electrocution.
  2592 | D:3      | 2592 ||| DROPPING +1 hand axe.
  2701 | D:3      | Noticed Ijyb
  2702 | D:3      | 2702 ||| INVOKING Berserk.
  2705 | D:3      | Killed Ijyb
  2706 | D:3      | Reached skill level 3 in Shields
  2706 | D:3      | Reached XP level 5. HP: 45/45 MP: 4/4
  3108 | D:3      | 3108 ||| UPGRADING to +0 cloak.
  3113 | D:3      | 3113 ||| READING 2 scrolls of identify.
  3113 | D:3      | 3113 ||| IDENTIFYING murky golden potion
  3138 | D:4      | Reached skill level 1 in Throwing
  3219 | D:4      | Reached skill level 6 in Axes
  3219 | D:4      | Reached XP level 6. HP: 49/51 MP: 5/5
  3290 | D:4      | 3290 ||| Stepping ~*~*~tactically~*~*~ (stealth).
  3291 | D:4      | 3291 ||| Stepping ~*~*~tactically~*~*~ (stealth).
  3431 | D:4      | Found a staircase to the Ecumenical Temple.
  3457 | D:4      | Reached skill level 7 in Axes
  3480 | D:4      | 3480 ||| Stepping ~*~*~tactically~*~*~ (hiding).
  3690 | D:4      | 3690 ||| READING scroll labelled UMULOCVOGOO.
  3691 | D:4      | 3691 ||| READING scroll labelled DISTRI YFETSUI.
  3694 | D:4      | 3694 ||| READING scroll labelled JEV YKEOCZEIN.
  3841 | D:4      | 3841 ||| READING scroll labelled UMIRURPH NUYCYA.
  3842 | D:4      | 3842 ||| READING scroll labelled WON WAIBLO.
  3843 | D:4      | 3843 ||| DRINKING 2 dark potions.
  3844 | D:4      | 3844 ||| DRINKING 2 green potions.
  3845 | D:4      | 3845 ||| DRINKING 2 murky grey potions.
  3949 | D:4      | 3949 ||| DROPPING potion of brilliance.
  3950 | D:4      | 3950 ||| DROPPING potion of berserk rage.
  3963 | D:5      | Entered Level 5 of the Dungeon
  4043 | D:5      | Noticed Blork the orc
  4047 | D:5      | 4047 ||| INVOKING Berserk.
  4052 | D:5      | Killed Blork the orc
  4235 | D:5      | 4235 ||| READING scroll of enchant weapon.
  4235 | D:5      | 4235 ||| ENCHANTING +0 war axe.
  4257 | D:5      | Reached XP level 7. HP: 60/60 MP: 6/6
  4476 | D:5      | 4476 ||| Stepping ~*~*~tactically~*~*~ (hiding).
  4482 | D:5      | Reached *** piety under Trog
  4518 | D:5      | Reached skill level 8 in Axes
  4544 | D:5      | 4544 ||| DROPPING +0 mace of draining.
  4628 | D:5      | Reached skill level 6 in Shields
  4793 | D:5      | 4793 ||| INVOKING Berserk.
  4945 | D:5      | Reached skill level 9 in Axes
  5328 | D:5      | 5328 ||| DROPPING amulet of the acrobat.
  5329 | D:5      | 5329 ||| DROPPING amulet of magic regeneration.
  5330 | D:5      | 5330 ||| UPGRADING to ring of protection from fire.
  5331 | D:5      | 5331 ||| DROPPING ring of flight.
  5332 | D:5      | 5332 ||| READING scroll labelled PAPTET CA YLEG.
  5333 | D:5      | 5333 ||| DRINKING 2 purple potions.
  5334 | D:5      | 5334 ||| DROPPING potion of attraction.
  5362 | D:6      | 5362 ||| STAIRDANCE
  5402 | D:6      | 5402 ||| STAIRDANCE
  5405 | D:5      | Reached XP level 8. HP: 54/68 MP: 7/7
  5472 | D:6      | 5472 ||| STAIRDANCE
  6014 | D:6      | 6014 ||| INVOKING Berserk.
  6016 | D:6      | Reached skill level 10 in Axes
  6179 | D:6      | 6179 ||| READING scroll of enchant armour.
  6179 | D:6      | 6179 ||| ENCHANTING +0 cloak.
  6210 | D:6      | 6210 ||| READING scroll of enchant armour.
  6210 | D:6      | 6210 ||| ENCHANTING +1 cloak.
  6227 | D:6      | Found Woew's Antique Armour Shop.
  6232 | D:6      | 6232 ||| BUYING brightly glowing chain mail (209 gold).
  6232 | D:6      | Bought a brightly glowing chain mail for 209 gold pieces
  6232 | D:6      | Identified the +1 chain mail of Emno {-Cast Str+2 Dex+6
                  | Stlth+} (You bought it in a shop on level 6 of the Dungeon)
  6232 | D:6      | 6232 ||| SHOPLISTING embroidered scarf (176 gold, have 70).
  6232 | D:6      | 6232 ||| SHOPLISTING pair of gloves (99 gold, have 70).
  6283 | D:6      | Reached skill level 6 in Fighting
  6592 | D:6      | 6592 ||| UPGRADING to +0 chain mail.
  6602 | D:6      | 6602 ||| UPGRADING to +0 pair of boots.
  6607 | D:6      | 6607 ||| DROPPING +0 scale mail.
  6608 | D:6      | 6608 ||| UPGRADING to +1 chain mail of Emno {-Cast Str+2
                  | Dex+6 Stlth+}.
  6618 | D:6      | 6618 ||| DROPPING +0 chain mail.
  6619 | D:6      | 6619 ||| READING 3 scrolls of identify.
  6619 | D:6      | 6619 ||| IDENTIFYING murky dark potion
  6620 | D:6      | 6620 ||| READING 2 scrolls of identify.
  6620 | D:6      | 6620 ||| IDENTIFYING brown potion
  6621 | D:6      | 6621 ||| DROPPING potion of degeneration.
  6681 | D:7      | Reached skill level 3 in Armour
  6768 | D:7      | 6768 ||| INVOKING Berserk.
  7002 | D:7      | Reached skill level 3 in Dodging
  7041 | D:7      | 7041 ||| INVOKING Berserk.
  7072 | D:7      | 7072 ||| Stepping ~*~*~tactically~*~*~ (stealth).
  7076 | D:7      | 7076 ||| FLEEEEING.
  7077 | D:7      | 7077 ||| Stepping ~*~*~tactically~*~*~ (stealth).
  7082 | D:7      | 7082 ||| FLEEEEING.
  7083 | D:7      | 7083 ||| FLEEEEING.
  7089 | D:7      | 7089 ||| FLEEEEING.
  7091 | D:7      | 7091 ||| Stepping ~*~*~tactically~*~*~ (stealth).
  7093 | D:7      | 7093 ||| DRINKING potion of curing.
  7093 | D:7      | 7093 ||| (to cure confusion)
  7109 | D:7      | 7109 ||| Stepping ~*~*~tactically~*~*~ (stealth).
  7115 | D:7      | Reached XP level 9. HP: 68/75 MP: 8/8
  7202 | D:7      | Reached skill level 11 in Axes
  7212 | D:7      | 7212 ||| Stepping ~*~*~tactically~*~*~ (stealth).
  7213 | D:7      | 7213 ||| Stepping ~*~*~tactically~*~*~ (stealth).
  7215 | D:7      | 7215 ||| Stepping ~*~*~tactically~*~*~ (stealth).
  7218 | D:7      | 7218 ||| Stepping ~*~*~tactically~*~*~ (stealth).
  7219 | D:7      | 7219 ||| Stepping ~*~*~tactically~*~*~ (stealth).
  7264 | D:7      | 7264 ||| Stepping ~*~*~tactically~*~*~ (hiding).
  7266 | D:7      | 7266 ||| Stepping ~*~*~tactically~*~*~ (hiding).
  7269 | D:7      | 7269 ||| INVOKING Berserk.
  7448 | D:7      | 7448 ||| Stepping ~*~*~tactically~*~*~ (stealth).
  7450 | D:7      | 7450 ||| Stepping ~*~*~tactically~*~*~ (stealth).
  7458 | D:7      | 7458 ||| Stepping ~*~*~tactically~*~*~ (stealth).
  7459 | D:7      | 7459 ||| Stepping ~*~*~tactically~*~*~ (stealth).
  7597 | D:7      | 7597 ||| Stepping ~*~*~tactically~*~*~ (stealth).
  7600 | D:7      | 7600 ||| Stepping ~*~*~tactically~*~*~ (stealth).
  7601 | D:7      | 7601 ||| Stepping ~*~*~tactically~*~*~ (stealth).
  7732 | D:7      | 7732 ||| UPGRADING to +0 pair of gloves.
  7737 | D:7      | 7737 ||| READING scroll labelled TOISKUDDOA.
  7738 | D:7      | 7738 ||| DRINKING 2 murky white potions.
  7738 | D:7      | Gained mutation: You occasionally shout uncontrollably at
                  | your foes. [potion of mutation]
  7738 | D:7      | Lost mutation: You occasionally shout uncontrollably at
                  | your foes. [potion of mutation]
  7738 | D:7      | Gained mutation: You do not regenerate when monsters are
                  | visible. [potion of mutation]
  7738 | D:7      | Gained mutation: You have hidden genetic potential. [potion
                  | of mutation]
  7739 | D:7      | 7739 ||| DRINKING potion of mutation.
  7739 | D:7      | Lost mutation: You do not regenerate when monsters are
                  | visible. [potion of mutation]
  7739 | D:7      | Lost mutation: You have hidden genetic potential. [potion
                  | of mutation]
  7739 | D:7      | Gained mutation: You are clumsy. (Dex -2) [potion of
                  | mutation]
  7739 | D:7      | Gained mutation: Your flesh is heat resistant. (rF+)
                  | [potion of mutation]
  7934 | D:8      | 7934 ||| READING scroll of enchant weapon.
  7934 | D:8      | 7934 ||| ENCHANTING +1 war axe.
  7966 | D:8      | 7966 ||| Stepping ~*~*~tactically~*~*~ (stealth).
  7977 | D:8      | Reached **** piety under Trog
  8198 | D:8      | Identified the +1 leather armour of Wumanusch {Rampage rF-
                  | Will+ Str+3}
  8291 | D:8      | 8291 ||| Stepping ~*~*~tactically~*~*~ (hiding).
  8648 | D:8      | 8648 ||| Stepping ~*~*~tactically~*~*~ (hiding).
  9108 | D:8      | 9108 ||| READING scroll labelled BEIMOF DUNO.
  9122 | D:9      | 9122 ||| STAIRDANCE
  9126 | D:8      | Reached skill level 12 in Axes
  9130 | D:9      | 9130 ||| STAIRDANCE
  9290 | D:9      | 9290 ||| Stepping ~*~*~tactically~*~*~ (stealth).
  9345 | D:9      | Reached skill level 9 in Shields
  9546 | D:9      | Reached XP level 10. HP: 86/86 MP: 9/9
  9664 | D:9      | 9664 ||| Stepping ~*~*~tactically~*~*~ (hiding).
  9747 | D:9      | Found a broken altar of Ashenzari.
  9748 | D:9      | Found an ancient bone altar of Kikubaaqudgha.
  9813 | D:9      | 9813 ||| Stepping ~*~*~tactically~*~*~ (hiding).
  9826 | D:9      | 9826 ||| Stepping ~*~*~tactically~*~*~ (stealth).
  9833 | D:9      | 9833 ||| DRINKING potion of curing.
  9833 | D:9      | 9833 ||| (to cure confusion)
  9887 | D:9      | 9887 ||| Stepping ~*~*~tactically~*~*~ (stealth).
  9888 | D:9      | 9888 ||| Stepping ~*~*~tactically~*~*~ (stealth).
  9893 | D:9      | Reached skill level 13 in Axes
  9902 | D:9      | Reached skill level 6 in Armour
 10271 | D:10     | Entered Level 10 of the Dungeon
 10360 | D:10     | Reached skill level 14 in Axes
 10421 | D:10     | 10421 ||| Stepping ~*~*~tactically~*~*~ (stealth).
 10440 | D:10     | 10440 ||| INVOKING Berserk.
 10606 | D:10     | Identified the +1 leather armour of the Moon Troll {Harm
                  | Int+4}
 10676 | D:10     | 10676 ||| Stepping ~*~*~tactically~*~*~ (stealth).
 10844 | D:10     | 10844 ||| Stepping ~*~*~tactically~*~*~ (stealth).
 10845 | D:10     | 10845 ||| Stepping ~*~*~tactically~*~*~ (stealth).
 10859 | D:10     | 10859 ||| Stepping ~*~*~tactically~*~*~ (stealth).
 10881 | D:10     | Found a staircase to the Lair.
 10988 | D:10     | Found Kykekk's Weapon Emporium.
 10993 | D:10     | 10993 ||| BUYING +0 eveningstar (165 gold).
 10993 | D:10     | Bought a +0 eveningstar for 165 gold pieces
 10993 | D:10     | 10993 ||| SHOPLISTING +5 hand axe of flaming (356 gold,
                  | have 204).
 10993 | D:10     | 10993 ||| DROPPING +0 flail.
 11122 | D:10     | 11122 ||| Stepping ~*~*~tactically~*~*~ (hiding).
 11123 | D:10     | 11123 ||| Stepping ~*~*~tactically~*~*~ (hiding).
 11124 | D:10     | 11124 ||| Stepping ~*~*~tactically~*~*~ (hiding).
 11126 | D:10     | 11126 ||| Stepping ~*~*~tactically~*~*~ (hiding).
 11143 | D:10     | 11143 ||| Stepping ~*~*~tactically~*~*~ (stealth).
 11267 | D:10     | Found a staircase to the Orcish Mines.
 11330 | D:10     | 11330 ||| Stepping ~*~*~tactically~*~*~ (stealth).
 11332 | D:10     | 11332 ||| Stepping ~*~*~tactically~*~*~ (stealth).
 11342 | D:10     | Reached ***** piety under Trog
 11524 | D:10     | 11524 ||| Stepping ~*~*~tactically~*~*~ (stealth).
 11526 | D:10     | 11526 ||| Stepping ~*~*~tactically~*~*~ (stealth).
 11560 | D:10     | 11560 ||| Stepping ~*~*~tactically~*~*~ (stealth).
 11655 | D:10     | 11655 ||| UPGRADING to ring of poison resistance.
 11656 | D:10     | 11656 ||| READING scroll labelled WIKOTU MOCEMUA.
 11657 | D:10     | 11657 ||| READING scroll labelled DINIOCR DIHOE.
 11658 | D:10     | 11658 ||| DRINKING 2 lumpy silvery potions.
 11664 | D:11     | Noticed a cyclops
 11671 | D:11     | 11671 ||| INVOKING Berserk.
 11672 | D:11     | Killed a cyclops
 11673 | D:11     | Reached XP level 11. HP: 94/94 MP: 10/10
 11818 | D:11     | Noticed Erica
 11819 | D:11     | 11819 ||| Stepping ~*~*~tactically~*~*~ (hiding).
 11821 | D:11     | 11821 ||| Stepping ~*~*~tactically~*~*~ (hiding).
 11822 | D:11     | 11822 ||| Stepping ~*~*~tactically~*~*~ (hiding).
 11823 | D:11     | 11823 ||| INVOKING Brothers in Arms.
 11824 | D:11     | 11824 ||| INVOKING Brothers in Arms.
 11826 | D:11     | 11826 ||| INVOKING Berserk.
 11829 | D:11     | Killed Erica
 11830 | D:11     | Reached skill level 15 in Axes
 12249 | D:11     | 12249 ||| READING scroll of enchant armour.
 12249 | D:11     | 12249 ||| ENCHANTING +0 pair of gloves.
 12251 | D:11     | Noticed a red ugly thing
 12265 | D:11     | Killed a red ugly thing
 12484 | D:11     | Noticed a boulder beetle
 12488 | D:11     | 12488 ||| INVOKING Berserk.
 12494 | D:11     | Killed a boulder beetle
 12495 | D:11     | Reached skill level 9 in Fighting
 12757 | D:11     | 12757 ||| READING 2 scrolls of identify.
 12757 | D:11     | 12757 ||| IDENTIFYING silvery potion
 12784 | D:10     | 12784 ||| PLANNING LAIR
 12807 | Lair:1   | Entered Level 1 of the Lair of Beasts
 12816 | Lair:1   | 12816 ||| INVOKING Berserk.
 12934 | Lair:1   | 12934 ||| INVOKING Berserk.
 13258 | Lair:1   | 13258 ||| INVOKING Berserk.
 13394 | Lair:1   | Noticed a death yak
 13394 | Lair:1   | Noticed a death yak
 13394 | Lair:1   | Noticed a death yak
 13394 | Lair:1   | Noticed a death yak
 13394 | Lair:1   | Noticed a death yak
 13394 | Lair:1   | Noticed a death yak
 13395 | Lair:1   | 13395 ||| Stepping ~*~*~tactically~*~*~ (stealth).
 13397 | Lair:1   | 13397 ||| Stepping ~*~*~tactically~*~*~ (stealth).
 13398 | Lair:1   | 13398 ||| Stepping ~*~*~tactically~*~*~ (stealth).
 13399 | Lair:1   | 13399 ||| INVOKING Berserk.
 13406 | Lair:1   | Killed a death yak
 13407 | Lair:1   | Reached skill level 16 in Axes
 13419 | Lair:1   | Killed a death yak
 13424 | Lair:1   | Killed a death yak
 13436 | Lair:1   | Killed a death yak
 13437 | Lair:1   | HP: 22/99 [death yak (8)]
 13438 | Lair:1   | 13438 ||| DRINKING potion of heal wounds.
 13443 | Lair:1   | Killed a death yak
 13444 | Lair:1   | Killed a death yak
 13444 | Lair:1   | HP: 16/99 [elephant (7)]
 13454 | Lair:1   | HP: 18/99 [elephant (2)]
 13457 | Lair:1   | Reached XP level 12. HP: 20/106 MP: 11/11
 13461 | Lair:1   | HP: 17/106 [elephant (4)]
 13467 | Lair:1   | 13467 ||| INVOKING Brothers in Arms.
 13467 | Lair:1   | HP: 15/106 [elephant (4)]
 13471 | Lair:1   | Reached skill level 6 in Dodging
 14078 | Lair:1   | 14078 ||| INVOKING Berserk.
 14088 | Lair:1   | Reached skill level 9 in Armour
 14511 | Lair:1   | 14511 ||| READING scroll labelled WUUQILAUTE.
 14612 | Lair:1   | 14612 ||| READING 2 scrolls of identify.
 14612 | Lair:1   | 14612 ||| IDENTIFYING red potion
 14613 | Lair:1   | 14613 ||| DROPPING potion of magic.
 14751 | Lair:2   | 14751 ||| READING scroll of enchant weapon.
 14751 | Lair:2   | 14751 ||| ENCHANTING +2 war axe.
 14884 | Lair:2   | 14884 ||| Stepping ~*~*~tactically~*~*~ (hiding).
 14985 | Lair:2   | Found a hole to the Spider Nest.
 15364 | Lair:2   | 15364 ||| Stepping ~*~*~tactically~*~*~ (stealth).
 15375 | Lair:2   | Found a staircase to the Swamp.
 15382 | Lair:2   | 15382 ||| INVOKING Berserk.
 15519 | Lair:2   | Found a blossoming altar of Fedhas.
 15544 | Lair:2   | 15544 ||| INVOKING Brothers in Arms.
 15545 | Lair:2   | 15545 ||| INVOKING Brothers in Arms.
 15810 | Lair:2   | 15810 ||| READING 2 scrolls of identify.
 15810 | Lair:2   | 15810 ||| IDENTIFYING pink potion
 15811 | Lair:2   | 15811 ||| DROPPING potion of flight.
 15861 | Lair:3   | Reached skill level 12 in Shields
 15879 | Lair:3   | Noticed Gastronok
 15880 | Lair:3   | 15880 ||| Stepping ~*~*~tactically~*~*~ (hiding).
 15886 | Lair:3   | 15886 ||| Stepping ~*~*~tactically~*~*~ (hiding).
 15890 | Lair:3   | 15890 ||| Stepping ~*~*~tactically~*~*~ (hiding).
 15895 | Lair:3   | 15895 ||| INVOKING Berserk.
 15907 | Lair:3   | Killed Gastronok
 16037 | Lair:3   | Noticed a death yak
 16038 | Lair:3   | Noticed a death yak
 16039 | Lair:3   | 16039 ||| Stepping ~*~*~tactically~*~*~ (stealth).
 16041 | Lair:3   | 16041 ||| INVOKING Berserk.
 16046 | Lair:3   | Killed a death yak
 16047 | Lair:3   | Reached skill level 12 in Fighting
 16050 | Lair:3   | Noticed a death yak
 16052 | Lair:3   | Killed a death yak
 16057 | Lair:3   | Killed a death yak
 16190 | Lair:3   | Noticed Nessos
 16191 | Lair:3   | 16191 ||| Stepping ~*~*~tactically~*~*~ (hiding).
 16192 | Lair:3   | 16192 ||| Stepping ~*~*~tactically~*~*~ (hiding).
 16193 | Lair:3   | 16193 ||| Stepping ~*~*~tactically~*~*~ (hiding).
 16197 | Lair:3   | 16197 ||| DRINKING potion of cancellation.
 16199 | Lair:3   | Killed Nessos
 16217 | Lair:3   | 16217 ||| Stepping ~*~*~tactically~*~*~ (stealth).
 16218 | Lair:3   | 16218 ||| Stepping ~*~*~tactically~*~*~ (stealth).
 16219 | Lair:3   | 16219 ||| FLEEEEING.
 16220 | Lair:3   | 16220 ||| FLEEEEING.
 16221 | Lair:3   | 16221 ||| STAIRDANCE
 16328 | Lair:3   | 16328 ||| READING scroll of enchant weapon.
 16328 | Lair:3   | 16328 ||| ENCHANTING +3 war axe.
 16378 | Lair:3   | Noticed a five-headed hydra
 16379 | Lair:3   | 16379 ||| INVOKING Brothers in Arms.
 16380 | Lair:3   | 16380 ||| INVOKING Brothers in Arms.
 16382 | Lair:3   | 16382 ||| SWAPPING to +0 eveningstar.
 16383 | Lair:3   | 16383 ||| INVOKING Berserk.
 16394 | Lair:3   | Killed a five-headed hydra
 16395 | Lair:3   | 16395 ||| SWAPPING to +4 war axe.
 16614 | Lair:3   | 16614 ||| INVOKING Berserk.
 16730 | Lair:3   | 16730 ||| Stepping ~*~*~tactically~*~*~ (stealth).
 16731 | Lair:3   | 16731 ||| Stepping ~*~*~tactically~*~*~ (stealth).
 16733 | Lair:3   | 16733 ||| Stepping ~*~*~tactically~*~*~ (stealth).
 16739 | Lair:3   | 16739 ||| Stepping ~*~*~tactically~*~*~ (stealth).
 17002 | Lair:3   | Noticed a catoblepas
 17003 | Lair:3   | 17003 ||| Stepping ~*~*~tactically~*~*~ (cloud).
 17006 | Lair:3   | 17006 ||| INVOKING Berserk.
 17010 | Lair:3   | Killed a catoblepas
 17011 | Lair:3   | Reached XP level 13. HP: 118/118 MP: 12/12
 17144 | Lair:3   | 17144 ||| READING scroll of enchant armour.
 17144 | Lair:3   | 17144 ||| ENCHANTING +1 pair of gloves.
 17336 | Lair:3   | 17336 ||| UPGRADING to ring of see invisible.
 17338 | Lair:3   | 17338 ||| READING 3 scrolls of identify.
 17338 | Lair:3   | 17338 ||| IDENTIFYING sedimented golden potion
 17361 | Lair:4   | 17361 ||| PLANNING GAUNTLET
 17435 | Lair:4   | Found a runed translucent gate.
 17435 | Lair:4   | Found a runed translucent gate.
 17435 | Lair:4   | Found a runed translucent gate.
 17449 | Lair:4   | 17449 ||| FLEEEEING.
 17450 | Lair:4   | 17450 ||| FLEEEEING.
 17451 | Lair:4   | 17451 ||| FLEEEEING.
 17464 | Lair:4   | 17464 ||| FLEEEEING.
 17465 | Lair:4   | 17465 ||| FLEEEEING.
 17468 | Lair:4   | 17468 ||| STAIRDANCE
 17575 | Lair:4   | 17575 ||| Stepping ~*~*~tactically~*~*~ (stealth).
 17655 | Lair:4   | 17655 ||| Stepping ~*~*~tactically~*~*~ (stealth).
 17846 | Lair:4   | 17846 ||| INVOKING Berserk.
 17861 | Lair:4   | 17861 ||| RIP GAUNTLET
 17956 | Lair:4   | 17956 ||| PLANNING LAIR
 17974 | Lair:4   | 17974 ||| Stepping ~*~*~tactically~*~*~ (stealth).
 17996 | Lair:4   | 17996 ||| FLEEEEING.
 17997 | Lair:4   | 17997 ||| FLEEEEING.
 17998 | Lair:4   | 17998 ||| FLEEEEING.
 17999 | Lair:4   | 17999 ||| FLEEEEING.
 18000 | Lair:4   | 18000 ||| FLEEEEING.
 18001 | Lair:4   | 18001 ||| FLEEEEING.
 18002 | Lair:4   | 18002 ||| FLEEEEING.
 18003 | Lair:4   | 18003 ||| FLEEEEING.
 18004 | Lair:4   | 18004 ||| FLEEEEING.
 18005 | Lair:4   | 18005 ||| FLEEEEING.
 18006 | Lair:4   | 18006 ||| FLEEEEING.
 18007 | Lair:4   | 18007 ||| FLEEEEING.
 18008 | Lair:4   | 18008 ||| FLEEEEING.
 18009 | Lair:4   | 18009 ||| FLEEEEING.
 18010 | Lair:4   | 18010 ||| FLEEEEING.
 18011 | Lair:4   | 18011 ||| STAIRDANCE
 18091 | Lair:3   | 18091 ||| READING scroll labelled BESCHU GOELEX.
 18092 | Lair:3   | 18092 ||| DROPPING +0 eveningstar.
 18102 | Lair:4   | 18102 ||| INVOKING Berserk.
 18112 | Lair:4   | 18112 ||| STAIRDANCE
 18216 | Lair:4   | 18216 ||| STAIRDANCE
 18218 | Lair:3   | 18218 ||| INVOKING Berserk.
 18283 | Lair:4   | 18283 ||| INVOKING Berserk.
 18413 | Lair:4   | 18413 ||| Stepping ~*~*~tactically~*~*~ (stealth).
 18440 | Lair:4   | Found a viscous altar of Jiyva.
 18440 | Lair:4   | Found a staircase to the Slime Pits.
 18655 | Lair:4   | 18655 ||| INVOKING Berserk.
 18661 | Lair:4   | Reached skill level 3 in Throwing
 18908 | Lair:4   | Noticed qw's ghost (journeyman MiFi)
 19046 | Lair:5   | Entered Level 5 of the Lair of Beasts
 19051 | Lair:5   | 19051 ||| STAIRDANCE
 19191 | Lair:5   | 19191 ||| STAIRDANCE
 19257 | Lair:5   | 19257 ||| STAIRDANCE
 19307 | Lair:5   | 19307 ||| STAIRDANCE
 19309 | Lair:4   | 19309 ||| INVOKING Berserk.
 19453 | Lair:5   | 19453 ||| STAIRDANCE
 19620 | Lair:5   | 19620 ||| STAIRDANCE
 19643 | Lair:5   | 19643 ||| INVOKING Berserk.
 19653 | Lair:5   | 19653 ||| STAIRDANCE
 19791 | Lair:5   | 19791 ||| Stepping ~*~*~tactically~*~*~ (stealth).
 19807 | Lair:5   | 19807 ||| Stepping ~*~*~tactically~*~*~ (stealth).
 19843 | Lair:5   | 19843 ||| Stepping ~*~*~tactically~*~*~ (stealth).
 19850 | Lair:5   | 19850 ||| Stepping ~*~*~tactically~*~*~ (stealth).
 19851 | Lair:5   | 19851 ||| Stepping ~*~*~tactically~*~*~ (stealth).
 19854 | Lair:5   | 19854 ||| Stepping ~*~*~tactically~*~*~ (stealth).
 19856 | Lair:5   | 19856 ||| Stepping ~*~*~tactically~*~*~ (stealth).
 19858 | Lair:5   | 19858 ||| Stepping ~*~*~tactically~*~*~ (stealth).
 19863 | Lair:5   | 19863 ||| INVOKING Berserk.
 19960 | Lair:5   | 19960 ||| Stepping ~*~*~tactically~*~*~ (stealth).
 19962 | Lair:5   | 19962 ||| Stepping ~*~*~tactically~*~*~ (stealth).
 20059 | Lair:5   | 20059 ||| INVOKING Berserk.
 20064 | Lair:5   | Reached skill level 12 in Armour
 20158 | Lair:5   | 20158 ||| INVOKING Berserk.
 20263 | Lair:5   | 20263 ||| INVOKING Berserk.
 20436 | Lair:5   | 20436 ||| INVOKING Berserk.
 20461 | Lair:5   | Reached XP level 14. HP: 111/133 MP: 13/13
 20581 | Lair:5   | 20581 ||| FLEEEEING.
 20583 | Lair:5   | 20583 ||| FLEEEEING.
 20585 | Lair:5   | 20585 ||| FLEEEEING.
 20587 | Lair:5   | 20587 ||| FLEEEEING.
 20591 | Lair:5   | 20591 ||| FLEEEEING.
 20592 | Lair:5   | 20592 ||| INVOKING Berserk.
 20653 | Lair:5   | 20653 ||| FLEEEEING.
 20654 | Lair:5   | 20654 ||| FLEEEEING.
 20655 | Lair:5   | 20655 ||| STAIRDANCE
 21033 | Lair:5   | Reached skill level 15 in Fighting
 21053 | Lair:5   | 21053 ||| Stepping ~*~*~tactically~*~*~ (stealth).
 21071 | Lair:5   | 21071 ||| Stepping ~*~*~tactically~*~*~ (stealth).
 21078 | Lair:5   | 21078 ||| READING scroll of enchant armour.
 21078 | Lair:5   | 21078 ||| ENCHANTING +0 pair of boots.
 21115 | Lair:5   | 21115 ||| FLEEEEING.
 21204 | Lair:5   | 21204 ||| READING scroll of enchant armour.
 21204 | Lair:5   | 21204 ||| ENCHANTING +1 pair of boots.
 21277 | Lair:5   | Reached skill level 9 in Dodging
 21294 | Lair:5   | 21294 ||| INVOKING Berserk.
 21616 | Lair:5   | 21616 ||| DROPPING +1 war axe of freezing.
 21748 | Lair:5   | 21748 ||| PLANNING D
 21981 | D:12     | 21981 ||| Stepping ~*~*~tactically~*~*~ (stealth).
 21982 | D:12     | 21982 ||| Stepping ~*~*~tactically~*~*~ (stealth).
 22045 | D:12     | Noticed Kirke
 22046 | D:12     | 22046 ||| Stepping ~*~*~tactically~*~*~ (stealth).
 22048 | D:12     | 22048 ||| INVOKING Trog's Hand.
 22051 | D:12     | 22051 ||| Stepping ~*~*~tactically~*~*~ (stealth).
 22052 | D:12     | 22052 ||| INVOKING Berserk.
 22061 | D:12     | Killed Kirke
 22062 | D:12     | Reached skill level 15 in Shields
 22176 | D:12     | 22176 ||| Stepping ~*~*~tactically~*~*~ (stealth).
 22180 | D:12     | 22180 ||| Stepping ~*~*~tactically~*~*~ (stealth).
 22274 | D:12     | Noticed Maurice
 22275 | D:12     | 22275 ||| Stepping ~*~*~tactically~*~*~ (hiding).
 22283 | D:12     | Killed Maurice
 22367 | D:12     | Identified the +1 leather armour "Gatzez" {Harm rPois Str+4
                  | Int-4}
 22429 | D:12     | Identified a scroll of acquirement
 22435 | D:12     | 22435 ||| READING scroll of acquirement.
 22435 | D:12     | 22435 ||| ACQUIRING +8 mithril axe "Arga" {speed, Will+}
 22435 | D:12     | Acquired the +8 mithril axe "Arga" {speed, Will+}
 22435 | D:12     | Found the +8 mithril axe "Arga" {speed, Will+}
 22437 | D:12     | 22437 ||| SWAPPING to +8 mithril axe "Arga" {speed, Will+}.
 22478 | D:12     | 22478 ||| Stepping ~*~*~tactically~*~*~ (hiding).
 23059 | D:13     | Found a portal to a secret trove of treasure.
 23096 | D:13     | Noticed Snorg
 23097 | D:13     | 23097 ||| INVOKING Brothers in Arms.
 23098 | D:13     | 23098 ||| INVOKING Brothers in Arms.
 23099 | D:13     | 23099 ||| INVOKING Berserk.
 23103 | D:13     | Killed Snorg
 23316 | D:13     | 23316 ||| Stepping ~*~*~tactically~*~*~ (hiding).
 23317 | D:13     | 23317 ||| Stepping ~*~*~tactically~*~*~ (hiding).
 23318 | D:13     | 23318 ||| Stepping ~*~*~tactically~*~*~ (hiding).
 23323 | D:13     | Reached skill level 17 in Axes
 23405 | D:13     | 23405 ||| INVOKING Brothers in Arms.
 23406 | D:13     | 23406 ||| INVOKING Brothers in Arms.
 23411 | D:13     | 23411 ||| SWAPPING to +4 war axe of flaming.
 23413 | D:13     | 23413 ||| INVOKING Berserk.
 23430 | D:13     | 23430 ||| SWAPPING to +8 mithril axe "Arga" {speed, Will+}.
 23576 | D:13     | You fall into a shaft and drop 2 floors!
 23576 | D:15     | Entered Level 15 of the Dungeon
 23582 | D:15     | 23582 ||| Stepping ~*~*~tactically~*~*~ (hiding).
 23623 | D:15     | 23623 ||| Stepping ~*~*~tactically~*~*~ (stealth).
 23630 | D:15     | 23630 ||| Stepping ~*~*~tactically~*~*~ (stealth).
 23660 | D:15     | 23660 ||| Stepping ~*~*~tactically~*~*~ (hiding).
 23673 | D:15     | Found a shimmering altar of Xom.
 23675 | D:15     | Found a shimmering altar of Xom.
 23730 | D:15     | Found a shimmering altar of Xom.
 23730 | D:15     | Found a shimmering altar of Xom.
 23731 | D:15     | Found a shimmering altar of Xom.
 23731 | D:15     | Found a shimmering altar of Xom.
 23731 | D:15     | Found a shimmering altar of Xom.
 23732 | D:15     | Found a shimmering altar of Xom.
 23742 | D:15     | Found a shimmering altar of Xom.
 23742 | D:15     | Found a shimmering altar of Xom.
 23743 | D:15     | Found a shimmering altar of Xom.
 23964 | D:14     | 23964 ||| INVOKING Trog's Hand.
 23966 | D:14     | 23966 ||| INVOKING Berserk.
 24139 | D:14     | 24139 ||| INVOKING Berserk.
 24151 | D:14     | Reached skill level 18 in Axes
 24443 | D:14     | 24443 ||| INVOKING Brothers in Arms.
 24444 | D:14     | 24444 ||| INVOKING Brothers in Arms.
 24445 | D:14     | 24445 ||| SWAPPING to +4 war axe of flaming.
 24446 | D:14     | 24446 ||| INVOKING Berserk.
 24450 | D:14     | 24450 ||| SWAPPING to +8 mithril axe "Arga" {speed, Will+}.
 24589 | D:14     | 24589 ||| INVOKING Berserk.
 24874 | D:14     | Found a runed translucent door.
 24951 | D:14     | Reached XP level 15. HP: 106/144 MP: 14/14
 24971 | D:14     | 24971 ||| FLEEEEING.
 24972 | D:14     | 24972 ||| FLEEEEING.
 24973 | D:14     | 24973 ||| FLEEEEING.
 25073 | D:14     | 25073 ||| Stepping ~*~*~tactically~*~*~ (stealth).
 25075 | D:14     | 25075 ||| Stepping ~*~*~tactically~*~*~ (hiding).
 25121 | D:14     | Found a gate to the Vaults.
 25399 | D:15     | 25399 ||| STAIRDANCE
 25401 | D:14     | 25401 ||| INVOKING Berserk.
 25535 | D:15     | 25535 ||| INVOKING Berserk.
 25607 | D:15     | 25607 ||| Stepping ~*~*~tactically~*~*~ (stealth).
 25608 | D:15     | 25608 ||| SWAPPING to +4 war axe of flaming.
 25612 | D:15     | 25612 ||| SWAPPING to +8 mithril axe "Arga" {speed, Will+}.
 25762 | D:15     | 25762 ||| INVOKING Berserk.
 25904 | D:15     | 25904 ||| INVOKING Trog's Hand.
 25908 | D:15     | 25908 ||| INVOKING Berserk.
 25923 | D:15     | 25923 ||| FLEEEEING.
 25924 | D:15     | 25924 ||| FLEEEEING.
 25925 | D:15     | 25925 ||| FLEEEEING.
 25926 | D:15     | 25926 ||| FLEEEEING.
 25927 | D:15     | 25927 ||| FLEEEEING.
 25928 | D:15     | 25928 ||| FLEEEEING.
 25929 | D:15     | 25929 ||| FLEEEEING.
 25935 | D:15     | 25935 ||| FLEEEEING.
 25936 | D:15     | 25936 ||| FLEEEEING.
 25937 | D:15     | 25937 ||| FLEEEEING.
 25938 | D:15     | 25938 ||| FLEEEEING.
 25939 | D:15     | 25939 ||| FLEEEEING.
 25940 | D:15     | 25940 ||| FLEEEEING.
 25941 | D:15     | 25941 ||| FLEEEEING.
 25942 | D:15     | 25942 ||| FLEEEEING.
 25943 | D:15     | 25943 ||| FLEEEEING.
 25944 | D:15     | 25944 ||| FLEEEEING.
 25945 | D:15     | 25945 ||| FLEEEEING.
 25946 | D:15     | 25946 ||| FLEEEEING.
 25962 | D:15     | 25962 ||| FLEEEEING.
 25963 | D:15     | 25963 ||| FLEEEEING.
 25964 | D:15     | 25964 ||| FLEEEEING.
 25965 | D:15     | 25965 ||| FLEEEEING.
 25966 | D:15     | 25966 ||| FLEEEEING.
 25988 | D:15     | 25988 ||| FLEEEEING.
 25992 | D:15     | 25992 ||| FLEEEEING.
 25993 | D:15     | 25993 ||| FLEEEEING.
 25995 | D:15     | 25995 ||| STAIRDANCE
 26120 | D:14     | Noticed an orc warlord
 26122 | D:14     | 26122 ||| INVOKING Berserk.
 26137 | D:14     | Killed an orc warlord
 26232 | D:14     | 26232 ||| DROPPING +6 ring of intelligence.
 26283 | D:15     | 26283 ||| Stepping ~*~*~tactically~*~*~ (stealth).
 26618 | D:15     | 26618 ||| INVOKING Trog's Hand.
 26629 | D:15     | 26629 ||| Stepping ~*~*~tactically~*~*~ (hiding).
 26639 | D:15     | 26639 ||| Stepping ~*~*~tactically~*~*~ (hiding).
 26760 | D:15     | Found a staircase to the Depths.
 26944 | D:15     | 26944 ||| PLANNING ORC
 27060 | Orc:1    | Entered Level 1 of the Orcish Mines
 27067 | Orc:1    | 27067 ||| Stepping ~*~*~tactically~*~*~ (hiding).
 27068 | Orc:1    | 27068 ||| INVOKING Berserk.
 27096 | Orc:1    | 27096 ||| Stepping ~*~*~tactically~*~*~ (stealth).
 27229 | Orc:1    | Found Ehyulel's Antique Weapon Boutique.
 27497 | Orc:1    | 27497 ||| DROPPING +2 chain mail of fire resistance.
 27498 | Orc:1    | 27498 ||| DROPPING +0 fire dragon scales.
 27499 | Orc:1    | 27499 ||| UPGRADING to +2 plate armour of fire resistance.
 27509 | Orc:1    | 27509 ||| DROPPING +1 chain mail of Emno {-Cast Str+2 Dex+6
                  | Stlth+}.
 27510 | Orc:1    | 27510 ||| READING 2 scrolls of enchant armour.
 27510 | Orc:1    | 27510 ||| ENCHANTING +2 plate armour of fire resistance.
 27511 | Orc:1    | 27511 ||| READING scroll of enchant armour.
 27511 | Orc:1    | 27511 ||| ENCHANTING +3 plate armour of fire resistance.
 27524 | Orc:2    | Entered Level 2 of the Orcish Mines
 27525 | Orc:2    | 27525 ||| STAIRDANCE
 27531 | Orc:2    | 27531 ||| STAIRDANCE
 27558 | Orc:2    | 27558 ||| STAIRDANCE
 27565 | Orc:2    | 27565 ||| STAIRDANCE
 27567 | Orc:1    | 27567 ||| INVOKING Berserk.
 27813 | Orc:2    | 27813 ||| Stepping ~*~*~tactically~*~*~ (stealth).
 27906 | Orc:2    | Found a staircase to the Elven Halls.
 27937 | Orc:2    | 27937 ||| INVOKING Brothers in Arms.
 27940 | Orc:2    | 27940 ||| INVOKING Berserk.
 28093 | Orc:2    | 28093 ||| Stepping ~*~*~tactically~*~*~ (stealth).
 28098 | Orc:2    | 28098 ||| Stepping ~*~*~tactically~*~*~ (stealth).
 28140 | Orc:2    | 28140 ||| Stepping ~*~*~tactically~*~*~ (stealth).
 28143 | Orc:2    | 28143 ||| Stepping ~*~*~tactically~*~*~ (stealth).
 28144 | Orc:2    | Noticed an orc warlord
 28145 | Orc:2    | 28145 ||| Stepping ~*~*~tactically~*~*~ (hiding).
 28148 | Orc:2    | 28148 ||| INVOKING Brothers in Arms.
 28152 | Orc:2    | 28152 ||| INVOKING Berserk.
 28161 | Orc:2    | Killed an orc warlord
 28592 | Orc:2    | 28592 ||| Stepping ~*~*~tactically~*~*~ (hiding).
 28593 | Orc:2    | 28593 ||| Stepping ~*~*~tactically~*~*~ (hiding).
 28600 | Orc:2    | 28600 ||| Stepping ~*~*~tactically~*~*~ (hiding).
 28601 | Orc:2    | 28601 ||| Stepping ~*~*~tactically~*~*~ (hiding).
 28648 | Orc:2    | Found Daifadah's Magic Scroll Shop.
 28655 | Orc:2    | 28655 ||| INVOKING Berserk.
 28660 | Orc:2    | Found Ucleruc's General Store.
 28695 | Orc:2    | 28695 ||| Stepping ~*~*~tactically~*~*~ (hiding).
 28697 | Orc:2    | 28697 ||| Stepping ~*~*~tactically~*~*~ (hiding).
 28698 | Orc:2    | 28698 ||| Stepping ~*~*~tactically~*~*~ (hiding).
 28803 | Orc:2    | 28803 ||| Stepping ~*~*~tactically~*~*~ (hiding).
 28829 | Orc:2    | 28829 ||| INVOKING Berserk.
 28959 | Orc:2    | 28959 ||| BUYING scroll of enchant armour (90 gold).
 28959 | Orc:2    | Bought a scroll of enchant armour for 90 gold pieces
 28959 | Orc:2    | 28959 ||| READING scroll of enchant armour.
 28959 | Orc:2    | 28959 ||| ENCHANTING +4 plate armour of fire resistance.
 28962 | Orc:2    | 28962 ||| BUYING scroll of teleportation (42 gold).
 28962 | Orc:2    | Bought a scroll of teleportation for 42 gold pieces
 28962 | Orc:2    | 28962 ||| BUYING scroll of teleportation (42 gold).
 28962 | Orc:2    | Bought a scroll of teleportation for 42 gold pieces
 29179 | Orc:2    | 29179 ||| Stepping ~*~*~tactically~*~*~ (hiding).
 29185 | Orc:2    | 29185 ||| INVOKING Berserk.
 29213 | Orc:2    | 29213 ||| INVOKING Brothers in Arms.
 29216 | Orc:2    | Reached skill level 15 in Armour
 29247 | Orc:2    | 29247 ||| Stepping ~*~*~tactically~*~*~ (stealth).
 29258 | Orc:2    | 29258 ||| INVOKING Brothers in Arms.
 29259 | Orc:2    | 29259 ||| INVOKING Trog's Hand.
 29275 | Orc:2    | 29275 ||| INVOKING Berserk.
 29301 | Orc:2    | 29301 ||| Stepping ~*~*~tactically~*~*~ (hiding).
 29303 | Orc:2    | 29303 ||| INVOKING Trog's Hand.
 29319 | Orc:2    | 29319 ||| INVOKING Brothers in Arms.
 29374 | Orc:2    | Found Beatej's Antique Weapon Shoppe.
 29374 | Orc:2    | Found Zahor's Book Emporium.
 29375 | Orc:2    | Found a one-way gate leading to the halls of Pandemonium.
 29589 | Orc:1    | 29589 ||| PLANNING SPIDER:1-3
 29779 | Spider:1 | Entered Level 1 of the Spider Nest
 29787 | Spider:1 | 29787 ||| DRINKING 2 potions of resistance.
 29788 | Spider:1 | 29788 ||| INVOKING Berserk.
 29800 | Spider:1 | Reached XP level 16. HP: 88/155 MP: 15/15
 29802 | Spider:1 | HP: 26/155 [spark wasp (21)]
 29802 | Spider:1 | HP: 9/155 [wolf spider[a torpor snail] (13)]
 29803 | Spider:1 | 29803 ||| DRINKING 8 potions of curing.
 29803 | Spider:1 | 29803 ||| (to cure confusion)
 29804 | Spider:1 | 29804 ||| READING 6 scrolls of teleportation.
 29804 | Spider:1 | HP: 2/155 [wolf spider[a torpor snail] (4)]
 29804 | Spider:1 | Slain by a wolf spider

Levels and vault maps discovered:
D:1:      kennysheep_arrival_seaside, layout_basic,
          hellmonk_ecumenical_altar_leap_of_faith, minmay_misc_feat_tiny,
          hex_tiny
D:2:      layout_loops_ring, serial_rivers, chequers_serial_rivers_room_b,
          chequers_serial_rivers_small_a, chequers_serial_rivers_marsh,
          chequers_serial_rivers_micro_d, chequers_serial_rivers_micro_c,
          kennysheep_generic_room_11, uniq_robin
D:3:      layout_loops_ring, uniq_ijyb
D:4:      layout_rooms, minmay_temple_entry_antechambers
D:5:      layout_layer_cave, st_stairs_11, grunt_ministairs_8,
          grunt_decor_fettered, uniq_blork_the_orc
D:6:      layout_layer_cave, serial_shops, nicolae_shop_hallway_plus
D:7:      layout_basic
D:8:      layout_gridville, enter_bailey_8, serial_bayou_pond_d
D:9:      layout_loops_cross, gammafunk_temple_overflow_pools,
          grunt_ministairs_11
D:10:     layout_loops_corners, due_lair_maze_entry_diamond, zombieorc1_lemuel,
          serial_shops, nicolae_shop_hallway_plus
D:11:     layout_long_grid, uniq_erica
D:12:     layout_stronghold, uniq_kirke, uniq_maurice
D:13:     layout_cave_pools, enter_trove_5, uniq_snorg
D:14:     layout_irregular_city, ximxim_vaults_locker_room,
          nicolae_twisting_strands, minivault_13
D:15:     grunt_enter_depths_magical_seal, layout_irregular_city,
          minmay_strange_pillars, xom_shifter_show
Lair:1:   layout_roguey, nicolae_lair_run_with_the_wolves, lemuel_fruit_tree,
          lemuel_fruit_fields, grunt_megastairs_3, serial_bayou_shore_b
Lair:2:   layout_regular_city, minmay_swamp_entry_reptiles,
          hellmonk_spider_entry_life_and_decay, columned_hall_lemuel, tgw_fedhas
Lair:3:   layout_roguey, dreamdust_gnoll_shepherd, grunt_megastairs_4,
          uniq_nessos, uniq_gastronok
Lair:4:   layout_regular_city, nicolae_slime_entry_slimehenge,
          gammafunk_ghost_necromancy, gauntlet_entry_generic
Lair:5:   minmay_lair_end_frog_pond, layout_regular_city, serial_bayou_pond_b
Spider:1: layout_spider_delve, uniq_rupert
Orc:1:    layout_diamond_mine, serial_shops, nicolae_shop_advertising_works
          [nicolae_subvault_shop_adworks], basic_altar
Orc:2:    pf_orc_diabolical, layout_caves, nicolae_orc_stony_grotto,
          nicolae_orc_lava_tube

Skill      XL: |  1  2  3  4  5  6  7  8  9 10 11 12 13 14 15 |
---------------+----------------------------------------------+-----
Axes           | 4 5 6 7 9 10 12 14 16 18 | 18.0
Shields        | 3 4 5 6 7 9 10 11 12 14 15 | 15.6
Throwing       | 1 2 3 4 |  4.0
Fighting       | 4 5 6 7 8 10 12 14 16 17 | 17.0
Armour         | 4 5 6 7 10 12 15 | 15.9
Dodging        | 3 4 5 7 8 9 10 | 10.0

Action                   |  1- 3 |  4- 6 |  7- 9 | 10-12 | 13-15 | 16-18 || total
-------------------------+-------+-------+-------+-------+-------+-------++-------
Melee: Hand axe          |    65 |    30 |       |       |       |       ||    95
       Headbutt          |     7 |     9 |    40 |   118 |   223 |       ||   397
       Punch             |     1 |       |       |       |       |       ||     1
       War axe           |       |    51 |   264 |   451 |   404 |       ||  1170
       Eveningstar       |       |       |       |     3 |       |       ||     3
       Broad axe         |       |       |       |       |   525 |     2 ||   527
Throw: Javelin           |    10 |    18 |    14 |       |       |       ||    42
       Boomerang         |       |     2 |    39 |   101 |   116 |       ||   258
Invok: Berserk           |     1 |     3 |     5 |    15 |    35 |       ||    59
       Brothers in Arms  |       |       |       |     4 |     8 |       ||    12
       Trog's Hand       |       |       |       |       |     6 |       ||     6
  Use: Scroll            |     4 |    10 |     8 |     9 |     9 |     1 ||    41
       Potion            |     1 |     3 |     4 |     4 |     1 |     1 ||    14
Armor: Animal skin       |     6 |     1 |       |       |       |       ||     7
       Scale mail        |       |    19 |    25 |       |       |       ||    44
       Chain mail        |       |       |    52 |   140 |   159 |       ||   351
       Plate armour      |       |       |       |       |    73 |    21 ||    94
Dodge: Dodged            |    30 |    20 |    75 |    75 |   190 |     7 ||   397
Block: Other             |     7 |     1 |       |       |       |       ||     8
       Reflection        |     2 |     5 |    12 |    13 |    41 |       ||    73
       Kite shield       |       |    51 |   241 |   322 |   615 |     6 ||  1235

Table legend:
 A = Non-vault XP
 B = Vault XP
 C = Vault XP percentage of total XP
 D = Non-vault monster count
 E = Vault monster count
 F = Vault count percentage of total count
                 A         B        C        D         E       F
            +---------+---------+-------+---------+---------+-------
      Total |   96037 |   57973 |  37.6 |     458 |     227 |  33.1
            +---------+---------+-------+---------+---------+-------
        D:1 |      26 |       0 |   0.0 |      16 |       0 |   0.0
        D:2 |      38 |      37 |  49.3 |      15 |      13 |  46.4
        D:3 |     167 |      36 |  17.7 |      22 |       1 |   4.3
        D:4 |     305 |       0 |   0.0 |      10 |       0 |   0.0
        D:5 |     738 |     137 |  15.7 |      19 |       6 |  24.0
        D:6 |     777 |       0 |   0.0 |      13 |       0 |   0.0
        D:7 |    1044 |       0 |   0.0 |      33 |       0 |   0.0
        D:8 |     859 |       0 |   0.0 |      16 |       0 |   0.0
        D:9 |    3056 |     204 |   6.3 |      30 |       3 |   9.1
       D:10 |    1819 |    1490 |  45.0 |      18 |      35 |  66.0
       D:11 |    2269 |     842 |  27.1 |       4 |       1 |  20.0
       D:12 |    6570 |    2193 |  25.0 |      21 |       4 |  16.0
       D:13 |    5278 |    1821 |  25.7 |      12 |       2 |  14.3
       D:14 |    7168 |   10284 |  58.9 |      13 |      18 |  58.1
       D:15 |   14615 |    3905 |  21.1 |      33 |      10 |  23.3
     Lair:1 |    9499 |    2601 |  21.5 |      21 |       9 |  30.0
     Lair:2 |    1215 |    1941 |  61.5 |       5 |       9 |  64.3
     Lair:3 |    5278 |    5446 |  50.8 |      14 |       9 |  39.1
     Lair:4 |   12742 |    3647 |  22.3 |      32 |      15 |  31.9
     Lair:5 |   10069 |    7343 |  42.2 |      33 |      31 |  48.4
   Spider:1 |    3224 |       0 |   0.0 |       7 |       0 |   0.0
      Orc:1 |    3362 |       0 |   0.0 |      26 |       0 |   0.0
      Orc:2 |    5919 |   16046 |  73.1 |      45 |      61 |  57.5
            +---------+---------+-------+---------+---------+-------
